General information
- name: BNet
- type: Ladder team game (AT/RT)
- host: Battle.net
- saver: OrcLivesMatter
map: Deathknell
- players: 8
- length: 88:14
- speed: Fast
- version: 1.27 W3XP
- replay type: Public
» download(479 KB)
Players
team 1 (winner)

»
thorin_10 (
blue | 62 APM | 2035 actions | 32:53)
2 Blood Mage
1 Flame Strike
1 Siphon Mana
5 Mountain King
3 Storm Bolt
2 Bash
5 Paladin
3 Holy Light
1 Divine Shield
1 Devotion Aura
» actions
| Assign group hotkey | 7 | |
| Basic commands | 19 | |
| Build / train | 98 | |
| Enter build submenu | 53 | |
| Enter hero's abilities submenu | 12 | |
| Give item / drop item | 1 | |
| Remove unit from queue | 4 | |
| Right click | 1007 | |
| Select / deselect | 704 | |
| Select group hotkey | 24 | |
| Use ability | 105 | |
2035 total
» units
| Peasant | 18 | |
| Goblin Shredder | 1 | |
| Flying Machine | 22 | |
41 total
» upgrades
| Lumber Harvesting | 2 | |
| Gunpowder | 3 | |
| Flak Cannons | 1 | |
| Flying Machine Bombs | 1 | |
| Armor | 1 | |
| Plating | 1 | |
9 total
» buildings
| Altar of Kings | 1 | |
| Farm | 14 | |
| Arcane Vault | 2 | |
| Lumber Mill | 1 | |
| Scout Tower | 19 | |
| Arcane Tower | 1 | |
| Guard Tower | 16 | |
| Keep | 1 | |
| Town Hall | 2 | |
| Blacksmith | 1 | |
| Castle | 1 | |
| Workshop | 3 | |
62 total
» build order
00:24 Altar of Kings
00:26 Farm
01:08 Arcane Vault
01:25 Lumber Mill
01:43 Farm
02:12 Scout Tower
02:25 Farm
02:36 Scout Tower
02:43 Farm
03:21 Arcane Tower
04:32 Guard Tower
04:44 Scout Tower
05:17 Farm
06:08 Keep
06:09 Guard Tower
06:27 Town Hall
06:32 Scout Tower
07:05 Scout Tower
07:19 Guard Tower
07:36 Scout Tower
07:55 Guard Tower
08:35 Guard Tower
09:11 Farm
09:37 Blacksmith
09:45 Scout Tower
09:59 Castle
10:03 Farm
10:20 Scout Tower
10:21 Guard Tower
10:46 Farm
10:54 Scout Tower
10:55 Guard Tower
11:05 Scout Tower
11:36 Guard Tower
11:38 Scout Tower
11:40 Farm
11:50 Arcane Vault
11:51 Guard Tower
12:29 Workshop
12:30 Workshop
14:09 Scout Tower
14:42 Scout Tower
14:45 Guard Tower
14:47 Workshop
14:48 Farm
14:51 Farm
14:56 Guard Tower
14:57 Guard Tower
15:15 Guard Tower
15:16 Scout Tower
15:27 Farm
15:32 Farm
15:47 Scout Tower
15:48 Guard Tower
16:11 Farm
16:25 Scout Tower
16:26 Guard Tower
17:37 Scout Tower
17:42 Scout Tower
17:44 Scout Tower
17:45 Guard Tower
24:00 Town Hall
» items
| Orb of Fire | 1 | |
| Scroll of Town Portal | 2 | |
| Scroll of Regeneration | 2 | |
| Potion of Healing | 2 | |
| Lesser Clarity Potion | 1 | |
8 total

»
LoveBeForU (
yellow | 152 APM | 5005 actions | 32:53)
5 Blademaster
3 Wind Walk
2 Critical Strike
3 Shadow Hunter
2 Healing Wave
1 Hex
» actions
| Assign group hotkey | 57 | |
| Basic commands | 496 | |
| Build / train | 127 | |
| Enter build submenu | 22 | |
| Enter hero's abilities submenu | 9 | |
| Give item / drop item | 2 | |
| Remove unit from queue | 1 | |
| Right click | 2022 | |
| Select / deselect | 1015 | |
| Select group hotkey | 1006 | |
| Use ability | 245 | |
5005 total
» units
| Peon | 9 | |
| Grunt | 9 | |
| Spirit Walker | 6 | |
| Raider | 10 | |
| Kodo Beast | 1 | |
| Shaman | 1 | |
| Tauren | 1 | |
37 total
» upgrades
| Berserker Strength | 1 | |
| Pillage | 1 | |
| Melee Weapons | 2 | |
| Ensnare | 1 | |
| Spirit Walker Training | 2 | |
| Reinforced Defenses | 1 | |
| Shaman Training | 2 | |
| Pulverize | 1 | |
11 total
» buildings
| Altar of Storms | 1 | |
| Orc Burrow | 6 | |
| Barracks | 1 | |
| Voodoo Lounge | 1 | |
| Stronghold | 5 | |
| War Mill | 1 | |
| Spirit Lodge | 3 | |
| Beastiary | 1 | |
| Fortress | 5 | |
| Watch Tower | 3 | |
| Tauren Totem | 2 | |
29 total
» build order
00:07 Altar of Storms
00:15 Orc Burrow
00:35 Barracks
01:39 Orc Burrow
02:02 Voodoo Lounge
03:03 Stronghold
03:03 Stronghold
03:03 Stronghold
03:37 Orc Burrow
04:16 War Mill
05:38 Spirit Lodge
06:24 Beastiary
07:12 Orc Burrow
07:48 Orc Burrow
09:18 Orc Burrow
09:30 Fortress
09:30 Fortress
09:30 Fortress
16:25 Watch Tower
16:34 Watch Tower
16:36 Watch Tower
21:45 Spirit Lodge
22:24 Tauren Totem
22:28 Tauren Totem
22:34 Spirit Lodge
» items
| Healing Salve | 11 | |
| Lesser Clarity Potion | 7 | |
| Orb of Lightning | 1 | |
| Scroll of Speed | 1 | |
20 total
OrcLivesMatter (
red | 74 APM | 6549 actions | 88:14)
10 Blademaster
3 Wind Walk
3 Critical Strike
1 Bladestorm
3 Mirror Image
» actions
| Assign group hotkey | 133 | |
| Basic commands | 28 | |
| Build / train | 206 | |
| ESC pressed | 6 | |
| Enter build submenu | 58 | |
| Enter hero's abilities submenu | 10 | |
| Give item / drop item | 61 | |
| Right click | 3280 | |
| Select / deselect | 473 | |
| Select group hotkey | 1440 | |
| Use ability | 854 | |
6549 total
» units
| Peon | 16 | |
| Grunt | 8 | |
| Goblin Shredder | 6 | |
| Goblin Zeppelin | 11 | |
| Wind Rider | 13 | |
| Goblin Sapper | 25 | |
79 total
» upgrades
| Berserker Strength | 1 | |
| Armor | 3 | |
| Reinforced Defenses | 1 | |
| Ranged Weapons | 3 | |
| Pillage | 1 | |
| Envenomed Spears | 1 | |
| Spiked Barricades | 3 | |
| Troll Regeneration | 1 | |
| Melee Weapons | 1 | |
| Masonry | 1 | |
16 total
» buildings
| Orc Burrow | 4 | |
| Barracks | 1 | |
| Altar of Storms | 1 | |
| Voodoo Lounge | 2 | |
| Stronghold | 1 | |
| War Mill | 1 | |
| Great Hall | 3 | |
| Fortress | 3 | |
| Beastiary | 5 | |
| Watch Tower | 41 | |
| Guard Tower | 9 | |
| Cannon Tower | 3 | |
74 total
» build order
00:13 Orc Burrow
00:59 Orc Burrow
01:21 Barracks
01:25 Altar of Storms
01:28 Voodoo Lounge
02:57 Orc Burrow
04:17 Stronghold
05:20 War Mill
05:49 Great Hall
06:06 Orc Burrow
06:45 Fortress
06:45 Fortress
06:45 Fortress
07:29 Beastiary
07:32 Beastiary
07:35 Beastiary
07:38 Beastiary
09:41 Great Hall
09:47 Watch Tower
10:46 Watch Tower
10:47 Watch Tower
10:48 Watch Tower
10:54 Watch Tower
10:55 Watch Tower
12:05 Watch Tower
12:07 Watch Tower
12:19 Watch Tower
12:30 Watch Tower
12:31 Watch Tower
16:46 Great Hall
17:02 Watch Tower
17:05 Watch Tower
17:06 Watch Tower
17:08 Watch Tower
17:13 Watch Tower
17:15 Watch Tower
17:16 Watch Tower
17:17 Watch Tower
17:17 Watch Tower
18:31 Watch Tower
18:58 Watch Tower
19:00 Watch Tower
19:03 Watch Tower
19:07 Watch Tower
19:07 Watch Tower
19:12 Beastiary
23:29 Watch Tower
23:30 Watch Tower
23:34 Watch Tower
23:35 Watch Tower
23:39 Watch Tower
23:46 Voodoo Lounge
23:50 Watch Tower
23:52 Watch Tower
23:58 Watch Tower
24:00 Watch Tower
33:57 Guard Tower
33:57 Guard Tower
33:58 Guard Tower
33:58 Guard Tower
34:02 Guard Tower
34:02 Guard Tower
34:03 Guard Tower
34:03 Guard Tower
34:04 Cannon Tower
34:04 Cannon Tower
50:25 Watch Tower
50:26 Watch Tower
50:31 Watch Tower
51:21 Watch Tower
51:24 Watch Tower
51:28 Watch Tower
» items
| Healing Salve | 13 | |
| Lesser Clarity Potion | 23 | |
| Scroll of Regeneration | 2 | |
| Potion of Mana | 8 | |
| Potion of Healing | 7 | |
| Scroll of Town Portal | 1 | |
| Orb of Fire | 1 | |
| Orb of Lightning | 1 | |
56 total

»
JONNY-TRUE-LOVE (
green | 69 APM | 2282 actions | 32:51)
5 Death Knight
3 Death Coil
2 Unholy Aura
5 Lich
3 Frost Nova
2 Frost Armor
» actions
| Assign group hotkey | 316 | |
| Basic commands | 76 | |
| Build / train | 92 | |
| Enter build submenu | 28 | |
| Enter hero's abilities submenu | 11 | |
| Give item / drop item | 3 | |
| Right click | 738 | |
| Select / deselect | 366 | |
| Select group hotkey | 492 | |
| Use ability | 160 | |
2282 total
» units
| Acolyte | 14 | |
| Ghoul | 3 | |
| Crypt Fiend | 13 | |
| Obsidian Statue | 5 | |
| Frost Wyrm | 4 | |
| Gargoyle | 3 | |
42 total
» upgrades
| Creature Attack | 3 | |
| Web | 1 | |
| Destroyer Form | 1 | |
| Creature Carapace | 1 | |
6 total
» buildings
| Graveyard | 1 | |
| Crypt | 2 | |
| Altar of Darkness | 1 | |
| Ziggurat | 9 | |
| Tomb of Relics | 2 | |
| Halls of the Dead | 1 | |
| Slaughterhouse | 1 | |
| Black Citadel | 4 | |
| Sacrificial Pit | 1 | |
| Necropolis | 1 | |
| Boneyard | 2 | |
| Nerubian Tower | 2 | |
27 total
» build order
00:11 Graveyard
00:15 Crypt
00:34 Altar of Darkness
00:48 Ziggurat
01:10 Tomb of Relics
01:47 Ziggurat
03:01 Halls of the Dead
03:24 Ziggurat
05:44 Slaughterhouse
06:41 Black Citadel
06:42 Black Citadel
06:42 Black Citadel
06:42 Black Citadel
07:06 Ziggurat
07:48 Ziggurat
09:10 Sacrificial Pit
10:36 Necropolis
10:51 Ziggurat
10:53 Boneyard
11:03 Boneyard
13:04 Ziggurat
13:08 Ziggurat
14:39 Nerubian Tower
15:21 Nerubian Tower
15:34 Tomb of Relics
18:28 Crypt
18:58 Ziggurat
» items
| Rod of Necromancy | 3 | |
| Sacrificial Skull | 1 | |
| Dust of Appearance | 2 | |
| Potion of Healing | 5 | |
| Scroll of Town Portal | 6 | |
| Orb of Corruption | 1 | |
| Scroll of Healing | 1 | |
| Lesser Clarity Potion | 3 | |
| Healing Salve | 1 | |
23 total
team 2 (loser)

»
ZombiNiggrJesus (
purple | 24 APM | 1959 actions | 82:35)
4 Blademaster
2 Wind Walk
2 Critical Strike
3 Tauren Chieftain
2 Endurance Aura
1 War Stomp
» actions
| Assign group hotkey | 21 | |
| Basic commands | 17 | |
| Build / train | 45 | |
| Enter build submenu | 24 | |
| Enter hero's abilities submenu | 7 | |
| Remove unit from queue | 1 | |
| Right click | 886 | |
| Select / deselect | 719 | |
| Select group hotkey | 138 | |
| Use ability | 100 | |
1959 total
» units
| Peon | 6 | |
| Grunt | 10 | |
| Ice Troll Trapper | 1 | |
| Wind Rider | 4 | |
| Ice Troll Berserker | 1 | |
22 total
» upgrades
» buildings
| Altar of Storms | 1 | |
| Orc Burrow | 11 | |
| Barracks | 1 | |
| War Mill | 1 | |
| Voodoo Lounge | 1 | |
| Stronghold | 1 | |
| Watch Tower | 4 | |
| Beastiary | 2 | |
| Great Hall | 2 | |
24 total
» build order
00:04 Altar of Storms
00:07 Orc Burrow
00:46 Barracks
01:25 War Mill
01:43 Voodoo Lounge
02:59 Stronghold
03:10 Orc Burrow
04:23 Watch Tower
05:22 Beastiary
06:34 Orc Burrow
06:37 Beastiary
07:49 Watch Tower
09:14 Orc Burrow
09:16 Orc Burrow
12:27 Watch Tower
12:57 Orc Burrow
14:02 Great Hall
14:45 Watch Tower
15:33 Orc Burrow
15:57 Orc Burrow
17:21 Great Hall
17:25 Orc Burrow
18:17 Orc Burrow
18:27 Orc Burrow
» items
| Healing Salve | 3 | |
| Lesser Clarity Potion | 1 | |
| Scroll of Speed | 1 | |
| Potion of Healing | 1 | |
| Potion of Mana | 1 | |
| Scroll of Town Portal | 2 | |
9 total

»
newborn (
orange | 53 APM | 4347 actions | 82:35)
7 Tauren Chieftain
3 Endurance Aura
2 War Stomp
1 Reincarnation
1 Shockwave
7 Blademaster
3 Wind Walk
3 Critical Strike
1 Bladestorm
4 Shadow Hunter
2 Hex
2 Healing Wave
» actions
| Assign group hotkey | 29 | |
| Basic commands | 193 | |
| Build / train | 109 | |
| ESC pressed | 6 | |
| Enter build submenu | 31 | |
| Enter hero's abilities submenu | 18 | |
| Give item / drop item | 2 | |
| Right click | 1712 | |
| Select / deselect | 1307 | |
| Select group hotkey | 646 | |
| Use ability | 293 | |
4347 total
» units
| Peon | 19 | |
| Grunt | 5 | |
| Shaman | 10 | |
| Tauren | 7 | |
| Spirit Walker | 3 | |
| Troll Witch Doctor | 2 | |
| Troll Batrider | 3 | |
49 total
» upgrades
| Shaman Training | 2 | |
| Melee Weapons | 2 | |
| Reinforced Defenses | 1 | |
| Pulverize | 1 | |
| Spirit Walker Training | 2 | |
| Witch Doctor Training | 2 | |
| Armor | 2 | |
12 total
» buildings
| Orc Burrow | 8 | |
| Altar of Storms | 3 | |
| Barracks | 1 | |
| Voodoo Lounge | 1 | |
| Stronghold | 2 | |
| War Mill | 1 | |
| Great Hall | 3 | |
| Watch Tower | 9 | |
| Spirit Lodge | 2 | |
| Fortress | 1 | |
| Tauren Totem | 2 | |
| Beastiary | 1 | |
34 total
» build order
00:25 Orc Burrow
00:40 Altar of Storms
00:55 Barracks
01:20 Orc Burrow
02:20 Voodoo Lounge
04:15 Stronghold
04:15 Stronghold
04:23 War Mill
05:41 Orc Burrow
06:19 Great Hall
06:21 Watch Tower
07:14 Spirit Lodge
08:55 Fortress
08:56 Spirit Lodge
09:01 Orc Burrow
09:02 Watch Tower
11:19 Tauren Totem
11:22 Tauren Totem
11:27 Watch Tower
12:36 Watch Tower
13:07 Watch Tower
13:10 Watch Tower
14:16 Orc Burrow
15:33 Watch Tower
15:35 Watch Tower
16:38 Orc Burrow
17:19 Orc Burrow
17:22 Orc Burrow
18:24 Watch Tower
22:16 Beastiary
39:34 Great Hall
54:10 Great Hall
62:48 Altar of Storms
66:50 Altar of Storms
» items
| Healing Salve | 6 | |
| Lesser Clarity Potion | 3 | |
| Potion of Healing | 2 | |
| Scroll of Town Portal | 5 | |
| Orb of Corruption | 1 | |
| Orb of Lightning | 1 | |
18 total
BECOOL (
teal | 31 APM | 2265 actions | 72:56)
5 Death Knight
2 Death Coil
2 Unholy Aura
1 Death Pact
2 Lich
1 Frost Nova
1 Frost Armor
» actions
| Assign group hotkey | 98 | |
| Build / train | 120 | |
| Enter build submenu | 44 | |
| Enter hero's abilities submenu | 7 | |
| Give item / drop item | 4 | |
| Remove unit from queue | 4 | |
| Right click | 850 | |
| Select / deselect | 695 | |
| Select group hotkey | 297 | |
| Use ability | 145 | |
2265 total
» units
| Acolyte | 25 | |
| Ghoul | 5 | |
| Crypt Fiend | 7 | |
| Gargoyle | 8 | |
| Frost Wyrm | 25 | |
| Goblin Shredder | 2 | |
72 total
» upgrades
| Creature Attack | 3 | |
| Creature Carapace | 4 | |
| Web | 1 | |
| Stone Form | 1 | |
| Freezing Breath | 1 | |
10 total
» buildings
| Altar of Darkness | 1 | |
| Crypt | 2 | |
| Ziggurat | 11 | |
| Graveyard | 1 | |
| Tomb of Relics | 1 | |
| Halls of the Dead | 1 | |
| Necropolis | 1 | |
| Black Citadel | 1 | |
| Sacrificial Pit | 1 | |
| Boneyard | 4 | |
| Spirit Tower | 2 | |
| Nerubian Tower | 1 | |
27 total
» build order
00:11 Altar of Darkness
00:13 Crypt
00:35 Ziggurat
01:00 Ziggurat
01:36 Graveyard
01:46 Tomb of Relics
02:01 Ziggurat
04:20 Ziggurat
05:41 Halls of the Dead
06:22 Ziggurat
06:35 Ziggurat
07:16 Ziggurat
07:24 Necropolis
07:26 Ziggurat
07:30 Ziggurat
09:13 Black Citadel
09:16 Sacrificial Pit
09:28 Crypt
11:42 Boneyard
11:46 Boneyard
11:53 Ziggurat
12:54 Spirit Tower
13:13 Spirit Tower
13:14 Nerubian Tower
22:23 Ziggurat
22:31 Boneyard
22:42 Boneyard
» items
| Rod of Necromancy | 1 | |
| Dust of Appearance | 2 | |
| Healing Salve | 1 | |
| Potion of Healing | 4 | |
| Scroll of Town Portal | 1 | |
| Potion of Mana | 4 | |
| Lesser Clarity Potion | 1 | |
| Orb of Lightning | 1 | |
15 total
WOMENLOVETRUMP (
pink | 63 APM | 5214 actions | 82:35)
6 Blademaster
3 Wind Walk
2 Critical Strike
1 Bladestorm
5 Shadow Hunter
2 Hex
3 Healing Wave
» actions
| Assign group hotkey | 54 | |
| Basic commands | 158 | |
| Build / train | 105 | |
| Enter build submenu | 33 | |
| Enter hero's abilities submenu | 13 | |
| Give item / drop item | 5 | |
| Right click | 2133 | |
| Select / deselect | 558 | |
| Select group hotkey | 1593 | |
| Use ability | 562 | |
5214 total
» units
| Peon | 11 | |
| Grunt | 4 | |
| Goblin Shredder | 12 | |
| Wind Rider | 18 | |
| Troll Batrider | 4 | |
| Kodo Beast | 1 | |
| Goblin Sapper | 17 | |
| Raider | 1 | |
| Goblin Zeppelin | 1 | |
69 total
» upgrades
| Reinforced Defenses | 1 | |
| Envenomed Spears | 1 | |
| Ranged Weapons | 2 | |
| Armor | 2 | |
| Liquid Fire | 1 | |
| Ensnare | 1 | |
8 total
» buildings
| Altar of Storms | 1 | |
| Orc Burrow | 7 | |
| Barracks | 1 | |
| Stronghold | 1 | |
| Voodoo Lounge | 2 | |
| War Mill | 1 | |
| Beastiary | 4 | |
| Fortress | 2 | |
| Great Hall | 2 | |
| Watch Tower | 41 | |
62 total
» build order
00:08 Altar of Storms
00:22 Orc Burrow
00:37 Barracks
01:24 Orc Burrow
02:54 Stronghold
03:07 Voodoo Lounge
04:01 Orc Burrow
04:27 War Mill
05:23 Beastiary
05:26 Beastiary
05:43 Fortress
05:43 Fortress
06:28 Beastiary
06:49 Great Hall
07:04 Watch Tower
07:05 Watch Tower
07:09 Watch Tower
07:12 Watch Tower
07:13 Watch Tower
07:13 Watch Tower
08:43 Orc Burrow
10:42 Orc Burrow
11:11 Beastiary
13:05 Watch Tower
13:05 Watch Tower
13:06 Watch Tower
13:06 Watch Tower
15:23 Watch Tower
15:24 Watch Tower
15:28 Watch Tower
15:28 Watch Tower
16:16 Watch Tower
16:16 Watch Tower
16:17 Watch Tower
16:17 Watch Tower
17:36 Watch Tower
17:36 Watch Tower
17:37 Watch Tower
17:58 Orc Burrow
18:52 Watch Tower
18:53 Watch Tower
19:54 Orc Burrow
21:29 Watch Tower
21:29 Watch Tower
22:07 Voodoo Lounge
22:39 Watch Tower
22:39 Watch Tower
22:40 Watch Tower
26:50 Watch Tower
26:50 Watch Tower
26:51 Watch Tower
27:24 Watch Tower
27:25 Watch Tower
29:07 Watch Tower
29:07 Watch Tower
29:12 Watch Tower
32:56 Great Hall
32:58 Watch Tower
32:59 Watch Tower
32:59 Watch Tower
32:59 Watch Tower
» items
| Healing Salve | 3 | |
| Scroll of Town Portal | 5 | |
| Orb of Lightning | 1 | |
| Tiny Great Hall | 1 | |
10 total
Chat log
(00:07 / Allies) JONNY-TRUE-LOVE: feed me
(00:19 / Allies) thorin_10: guess i can
(00:22 / Allies) JONNY-TRUE-LOVE: i will puish them
(00:26 / Allies) thorin_10: aight
(00:39 / Allies) thorin_10: will start in a sec
(01:13 / Allies) JONNY-TRUE-LOVE: gold
(01:52 / All) JONNY-TRUE-LOVE: they say
(01:59 / All) JONNY-TRUE-LOVE: im #1 player on east now
(02:13 / All) WOMENLOVETRUMP: anti fog hack detects green fog clicked teal
(02:24 / All) JONNY-TRUE-LOVE: post replay pls
(02:49 / Allies) JONNY-TRUE-LOVE: feed
(03:29 / Allies) thorin_10: fucker
(03:31 / Allies) thorin_10: sry man
(03:33 / Allies) thorin_10: give me a sec
(04:12 / Allies) thorin_10: thx
(04:13 / Allies) thorin_10: hehe
(04:26 / Allies) thorin_10: can i creep with u
(04:30 / Allies) JONNY-TRUE-LOVE: yea
(04:33 / Allies) JONNY-TRUE-LOVE: but finish ur farms
(04:35 / Allies) JONNY-TRUE-LOVE: and tower
(04:39 / Allies) thorin_10: y
(04:56 / Allies) JONNY-TRUE-LOVE: expo
(04:57 / Allies) JONNY-TRUE-LOVE: with peons
(05:03 / Allies) thorin_10: k
(05:11 / Allies) thorin_10: there?
(05:56 / Allies) OrcLivesMatter: wow +6 agi boots and tome of xp
(08:44 / Allies) OrcLivesMatter: ty
(09:12 / Allies) JONNY-TRUE-LOVE: gold
(10:37 / Allies) JONNY-TRUE-LOVE: gold
(11:15 / Allies) thorin_10: red you goin melee?
(11:21 / Allies) OrcLivesMatter: not sure
(11:33 / Allies) thorin_10: i would eventually either go air or aa
(13:01 / Allies) JONNY-TRUE-LOVE: gold
(13:18 / All) JONNY-TRUE-LOVE: just leave
(13:24 / Allies) thorin_10: lol
(13:27 / All) JONNY-TRUE-LOVE: against me
(14:25 / All) JONNY-TRUE-LOVE: noobs
(15:22 / Allies) JONNY-TRUE-LOVE: gold
(15:49 / All) JONNY-TRUE-LOVE: didint i tell u to leave?
(16:19 / All) JONNY-TRUE-LOVE: noobs
(16:38 / Allies) thorin_10: carefu
(16:46 / Allies) thorin_10: lotta air
(16:58 / Allies) thorin_10: out
(17:05 / Allies) thorin_10: got mass gyros comin
(17:23 / All) JONNY-TRUE-LOVE: yawn
(18:37 / All) ZombiNiggrJesus: ignore my base
(18:41 / All) JONNY-TRUE-LOVE: lol
(18:42 / All) thorin_10: ok
(19:09 / Allies) LoveBeForU: help here
(19:19 / Allies) thorin_10: you guys ok?
(20:31 / Allies) JONNY-TRUE-LOVE: goodl
(21:27 / Allies) JONNY-TRUE-LOVE: gold pls
(21:36 / Allies) thorin_10: need mine for now...
(21:55 / Allies) JONNY-TRUE-LOVE: red share some?
(21:57 / Allies) thorin_10: fuck lol
(21:59 / Allies) thorin_10: gold for expo?
(22:02 / Allies) thorin_10: got none left...
(22:13 / Allies) thorin_10: 150 more...
(22:16 / Allies) LoveBeForU: gold plz
(22:23 / Allies) thorin_10: red
(22:27 / Allies) thorin_10: you got 3.5 k lol
(22:28 / Allies) thorin_10: share gold
(22:31 / Allies) OrcLivesMatter: huh?
(22:44 / Allies) thorin_10: gold plz
(22:48 / Allies) thorin_10: got no income
(22:48 / Allies) OrcLivesMatter: espanol plz
(22:57 / Allies) thorin_10: plata por favor :)
(22:59 / Allies) thorin_10: hehe
(23:23 / Allies) thorin_10: duuuude
(23:24 / All) BECOOL: I come
(23:26 / Allies) thorin_10: gold plz lol
(23:32 / Allies) OrcLivesMatter: its in mines?
(24:52 / All) OrcLivesMatter: bad idea
(25:10 / Allies) LoveBeForU: help here
(25:25 / Allies) thorin_10: ened someone else
(25:40 / All) OrcLivesMatter: my team is noobs
(25:48 / Allies) thorin_10: you
(25:49 / Allies) thorin_10: fucking
(25:49 / Allies) thorin_10: have
(25:50 / Allies) thorin_10: 5k
(25:53 / Allies) OrcLivesMatter: lol?
(26:01 / Allies) OrcLivesMatter: get your own gold
(26:05 / Allies) OrcLivesMatter: it's in the mines
(26:08 / Allies) thorin_10: dude i pooled green
(26:11 / Allies) OrcLivesMatter: I'm not going to let humans keep me down
(26:13 / Allies) thorin_10: and you took yellows expo
(26:13 / All) WOMENLOVETRUMP: best player my base
(26:24 / Allies) thorin_10: this is why we losing
(26:31 / Allies) JONNY-TRUE-LOVE: gold pls
(26:39 / All) LoveBeForU: red got 5k, no units
(26:44 / Allies) thorin_10: i dont get the joke
(26:45 / All) OrcLivesMatter: 50 hp lol
(26:49 / Allies) thorin_10: you dont do shit
(26:51 / All) OrcLivesMatter: killed that sh and then bm by the skin of my teeth
(26:51 / Allies) thorin_10: and keep the gold
(26:55 / Allies) OrcLivesMatter: I think you are the joke
(27:02 / Allies) JONNY-TRUE-LOVE: blade
(27:05 / Allies) JONNY-TRUE-LOVE: go prevent that
(27:06 / Allies) thorin_10: you are
(27:07 / Allies) thorin_10: for sure
(27:12 / Allies) OrcLivesMatter: You're a joke
(27:18 / Allies) OrcLivesMatter: you think you are entitled to my gold?
(27:21 / Allies) OrcLivesMatter: this is orcish gold
(27:28 / Allies) OrcLivesMatter: you should be paying me reprarations
(27:30 / Allies) thorin_10: fucking do something with it then
(27:31 / Allies) OrcLivesMatter: for what humans did to the orcs
(27:37 / Allies) JONNY-TRUE-LOVE: yellow give lefgt overs
(29:33 / All) OrcLivesMatter: Away from my expo
(29:48 / Allies) JONNY-TRUE-LOVE: bblade harras expos
(29:49 / Allies) JONNY-TRUE-LOVE: pls
(29:55 / Allies) JONNY-TRUE-LOVE: u have a tuaren
(29:57 / Allies) JONNY-TRUE-LOVE: in my base 2
(29:58 / Allies) OrcLivesMatter: You aren't the boss of me
(30:15 / Allies) JONNY-TRUE-LOVE: bro orc lives matter
(30:17 / Allies) JONNY-TRUE-LOVE: need u to survive
(30:28 / Allies) OrcLivesMatter: I'm surviving without the human and undead's help
(30:32 / Allies) OrcLivesMatter: I'm a strong independent orc
(30:41 / Allies) thorin_10: wtf
(30:41 / Allies) thorin_10: lol
(31:03 / All) newborn: yawn
(31:30 / All) WOMENLOVETRUMP: Kodo #1 biatch
(31:35 / All) OrcLivesMatter: Grubby #1
(31:37 / All) OrcLivesMatter: Kodo is a scrub
(32:29 / All) JONNY-TRUE-LOVE: nabs lucky
(32:32 / All) JONNY-TRUE-LOVE: red didnt make units
(32:33 / All) OrcLivesMatter: Green sucks
(32:33 / All) WOMENLOVETRUMP: out green
(32:35 / All) OrcLivesMatter: my team sucks
(32:35 / All) WOMENLOVETRUMP: kodo #1
(32:38 / All) thorin_10: red
(32:38 / All) newborn: yawn green
(32:39 / All) JONNY-TRUE-LOVE: 3v4 u noobs
(32:39 / All) OrcLivesMatter: stop sucking kodo's dick
(32:40 / All) WOMENLOVETRUMP: KODO #1
(32:40 / All) thorin_10: has 11k
(32:40 / All) JONNY-TRUE-LOVE: JONNY #1
(32:43 / All) OrcLivesMatter: Grubby #1
(32:44 / All) JONNY-TRUE-LOVE: JONNY #1
(32:45 / All) WOMENLOVETRUMP: KODO #1
(32:47 / All) JONNY-TRUE-LOVE: REMEMBER NOOBS
(32:48 / All) OrcLivesMatter: Jonny is some random maphacker scrub
(32:50 / All) OrcLivesMatter: and kodo is trash
(33:11 / All) OrcLivesMatter: wow they all left one after the other lol
(34:02 / All) WOMENLOVETRUMP: its over bitch
(34:24 / All) OrcLivesMatter: I'm gonna 1v4
(34:25 / All) OrcLivesMatter: Everyone out
(34:55 / All) newborn: noob
(35:09 / All) WOMENLOVETRUMP: red u suck lol
(35:13 / All) OrcLivesMatter: I have a +24 bm
(35:16 / All) OrcLivesMatter: with periapt of vitality
(35:19 / All) OrcLivesMatter: robes of magi +6
(35:23 / All) OrcLivesMatter: two claws +9
(35:26 / All) OrcLivesMatter: +6 agi boots
(35:26 / All) OrcLivesMatter: d
(35:31 / All) OrcLivesMatter: it kicks your bm's ass
(36:18 / All) OrcLivesMatter: lol
(36:21 / All) OrcLivesMatter: good one
(36:33 / All) OrcLivesMatter: 328 crit
(36:58 / All) WOMENLOVETRUMP: nasty red bm crit
(38:29 / All) WOMENLOVETRUMP: where do i hit??
(38:43 / All) WOMENLOVETRUMP: hit blue
(38:46 / All) OrcLivesMatter: raped lol
(39:22 / All) OrcLivesMatter: You suck orange
(39:24 / All) OrcLivesMatter: Just leave, I 1v4
(41:12 / All) OrcLivesMatter: +29 bm
(41:26 / All) OrcLivesMatter: jelly?
(43:25 / All) OrcLivesMatter: yawn
(43:35 / All) newborn: owned bitch
(43:44 / All) OrcLivesMatter: lmao
(43:50 / All) WOMENLOVETRUMP: i keep watching the college football game
(43:51 / All) OrcLivesMatter: if that's your idea of owning
(43:52 / All) WOMENLOVETRUMP: ohio state
(45:34 / All) OrcLivesMatter: lol
(45:47 / All) newborn: what a fucking noob u are
(46:07 / All) OrcLivesMatter: stop for one sec and you die
(46:49 / All) newborn: so u hack it seems
(46:55 / All) OrcLivesMatter: lol
(48:19 / All) OrcLivesMatter: lmao
(48:26 / All) OrcLivesMatter: owned
(48:56 / All) OrcLivesMatter: lawl
(49:07 / All) OrcLivesMatter: he danced in a bladestorm to death
(49:32 / All) OrcLivesMatter: you should give your pendant and +6 agi boots to me
(49:36 / All) OrcLivesMatter: so I can have the ultimate blademaster
(50:04 / All) OrcLivesMatter: out
(50:10 / All) WOMENLOVETRUMP: god damnnit
(50:11 / All) WOMENLOVETRUMP: lag
(50:31 / All) WOMENLOVETRUMP: oj is pissed at me cuz he lost 2 heroes
(50:38 / All) OrcLivesMatter: He lost way more than that over this game lol
(51:14 / All) WOMENLOVETRUMP: dont worry guys, i got his base sieged he cant leave it
(51:50 / All) WOMENLOVETRUMP: look at his base fool i have it surrounded
(52:11 / All) WOMENLOVETRUMP: a siege is aggressive
(52:13 / All) WOMENLOVETRUMP: yes i tis
(52:18 / All) WOMENLOVETRUMP: havent u ever watched game of thrones
(52:20 / All) WOMENLOVETRUMP: sieges last months
(52:24 / All) OrcLivesMatter: lol
(52:27 / All) OrcLivesMatter: nice try orange
(53:10 / All) OrcLivesMatter: wasn't even watching those wyvs
(53:14 / All) OrcLivesMatter: did I kill your tc not even looking?
(53:22 / All) WOMENLOVETRUMP: wyverns got it
(53:24 / All) WOMENLOVETRUMP: he has ank hto
(53:39 / All) newborn: idiot
(53:44 / All) OrcLivesMatter: I think this is def one of the best bms I've ever had
(53:49 / All) OrcLivesMatter: too bad there's not better players than orange to use it on
(54:04 / All) WOMENLOVETRUMP: ur base going down asshole red
(54:43 / All) OrcLivesMatter: fight me pussy!
(55:07 / All) newborn: u fight me pussy
(55:13 / All) OrcLivesMatter: That wasn't fair
(55:15 / All) OrcLivesMatter: My bm vs your tc
(55:18 / All) OrcLivesMatter: you cheated
(55:54 / All) WOMENLOVETRUMP: i told you i have his base sieged he cant leave not counting his bm
(55:59 / All) WOMENLOVETRUMP: this is an agressive siege not a passive one
(56:32 / All) WOMENLOVETRUMP: look i got siege right here
(56:56 / All) OrcLivesMatter: 292
(57:33 / All) WOMENLOVETRUMP: raiders right ther fool
(59:09 / All) WOMENLOVETRUMP: tc aura imba
(59:20 / All) OrcLivesMatter: 308
(60:36 / All) OrcLivesMatter: raped
(60:40 / All) WOMENLOVETRUMP: rofl
(60:45 / All) WOMENLOVETRUMP: u used tower hack red?
(60:46 / All) WOMENLOVETRUMP: wtf
(60:50 / All) WOMENLOVETRUMP: why didnt it hit ur bm
(61:28 / All) OrcLivesMatter: owned
(61:38 / All) WOMENLOVETRUMP: gonna F up ur base red
(62:27 / All) OrcLivesMatter: noobs
(63:39 / All) OrcLivesMatter: GG you can all leave
(63:42 / All) OrcLivesMatter: I will pause so you can leave
(63:44 / All) OrcLivesMatter: out
(63:48 / All) OrcLivesMatter: you may leave
(63:50 / All) OrcLivesMatter: you have my permission
(63:52 / All) OrcLivesMatter: out
(63:55 / All) newborn: i am just going to minimize
(64:05 / All) OrcLivesMatter: Out
(64:14 / All) WOMENLOVETRUMP: funny way to minimize, moving ur tauren away
(64:17 / All) OrcLivesMatter: yea
(64:20 / All) OrcLivesMatter: not seen that way before
(64:43 / All) BECOOL: crazy fool
(64:46 / All) BECOOL: leave
(64:50 / All) OrcLivesMatter: I win 1v4
(64:51 / All) BECOOL: red u have no gold
(64:55 / All) OrcLivesMatter: I have 10k
(64:56 / All) BECOOL: and just 3 wyvern
(65:02 / All) BECOOL: how can u win ?
(65:05 / All) BECOOL: pink got 6 k gold
(65:06 / All) OrcLivesMatter: I win 1v4
(65:13 / All) OrcLivesMatter: I have 4k more than him
(65:26 / All) OrcLivesMatter: Arashicage is one of the best blademasters
(66:03 / All) OrcLivesMatter: like my tower hack?
(66:31 / All) OrcLivesMatter: Bad boy, no bm for you
(66:34 / All) BECOOL: make cataplut its like motarrd
(67:19 / All) BECOOL: lol red
(67:20 / All) BECOOL: u sick
(67:46 / All) BECOOL: kill 3veyvern looooool
(68:05 / All) BECOOL: ????
(68:06 / All) WOMENLOVETRUMP: red wants me to end it.
(68:07 / All) BECOOL: nooo
(68:11 / All) WOMENLOVETRUMP: not sure why im listening to the enemy
(68:27 / All) OrcLivesMatter: Pink does what I tell him to
(68:30 / All) WOMENLOVETRUMP: sometimes gentlemen, you just have to admit you were beat by the better player
(68:37 / All) OrcLivesMatter: We've been stringing along all game
(68:44 / All) OrcLivesMatter: From where you're kneeling it must look like an 18-karat run of bad luck
(68:45 / All) BECOOL: we win
(68:49 / All) OrcLivesMatter: but the truth is, the game was rigged from the start
(68:53 / All) BECOOL: so leae
(68:57 / All) BECOOL: so leave pink I winbn
(69:03 / All) BECOOL: leave pink
(69:04 / All) newborn: whatever i am tking you every game i got
(69:10 / All) OrcLivesMatter: we're professionals
(69:14 / All) OrcLivesMatter: you can't tk us, we do the tking
(69:17 / All) BECOOL: we win
(69:22 / All) OrcLivesMatter: I win, alt tabbin
(70:28 / All) WOMENLOVETRUMP: thx god oj is a moron and rezzed his tc not his bm
(71:00 / All) WOMENLOVETRUMP: like i said guys
(71:04 / All) WOMENLOVETRUMP: u just have to tip ur hat to red
(71:07 / All) WOMENLOVETRUMP: he was the better player this day
(71:21 / All) newborn: you are the same player im sure
(71:35 / All) newborn: anyway
(71:38 / All) newborn: im minimizing
(71:40 / All) newborn: have fun
(71:43 / All) OrcLivesMatter: You said that earlier
(71:44 / All) WOMENLOVETRUMP: u said that already
(71:45 / All) OrcLivesMatter: but didn't
(71:45 / All) WOMENLOVETRUMP: lol
(72:07 / All) OrcLivesMatter: 356
(72:20 / All) OrcLivesMatter: 320
(72:35 / All) OrcLivesMatter: alt tabbin again, that was good timing to check in
(72:41 / All) WOMENLOVETRUMP: why tc no ankh
(74:52 / All) WOMENLOVETRUMP: guarnatee u oj aint alt tabbed
(78:55 / All) newborn: ur tower got owned red
(79:25 / All) newborn: ur getting tked every game i got with you 2
(79:46 / All) newborn: well i am to watch a game
(79:53 / All) newborn: minimizing
(80:16 / All) WOMENLOVETRUMP: he still isnt minimized lawl
(81:54 / All) WOMENLOVETRUMP: i decided to ain red, whom i never met before, because orange was very rude with his "yawn" comments